Map: Oxide LE

Players

Semper

  • Race: Terran Terran

TriGGeR - Winner!

  • Race: Protoss Protoss

Event: DreamHack SC2 Masters 2021 Fall

VOD

Have the link to the VOD?

Description

Time

  • Played on: Aug. 8, 2021, 2:57 p.m.
  • Length: 10:46

All games in this series

Show
View Real Time Build Order
Export as new Build Order

Semper Terran 

Build Orders:  

Get SALT Encoding   

  12  0:00  SCV  
  13  0:12  SCV  
  14  0:17  Supply Depot  
  14  0:24  SCV  
  15  0:38  SCV  
  15  0:39  Barracks  
  16  0:44  Refinery  
  16  0:50  SCV  
  17  1:03  SCV  
  18  1:15  SCV  
  19  1:26  Marine  
  19  1:27  Orbital Command  
  20  1:42  Command Center  
  20  1:47  Barracks Reactor  
  20  1:52  SCV  
  21  1:58  Supply Depot  
  21  2:04  SCV  
  22  2:09  Barracks  
  22  2:17  SCV  
  22  2:21  Barracks  
  23  2:24  Marine x2  
  23  2:29  SCV  
  26  2:41  SCV  
  26  2:44  Marine x2  
  29  2:53  SCV  
  29  2:54  Refinery  
  29  2:55  Orbital Command  
  30  3:00  Barracks Tech Lab  
  30  3:01  Marine  
  30  3:02  Marine  
  32  3:08  SCV  
  32  3:10  Barracks Tech Lab  
  33  3:19  Marine  
  32  3:20  Marine, SCV, Stimpack  
  32  3:22  SCV  
  32  3:26  Marine  
  37  3:28  Combat Shield  
  37  3:29  Marine  
  37  3:31  Supply Depot  
  37  3:33  SCV  
  39  3:35  SCV  
  39  3:39  Marine x2  
  42  3:45  SCV  
  42  3:48  Marauder  
  45  3:51  SCV  
  45  3:53  Marauder  
  45  3:54  Engineering Bay  
  48  3:58  Supply Depot  
  48  3:59  SCV  
  49  4:03  Marine x2  
  49  4:06  SCV  
  52  4:12  SCV  
  52  4:13  Marine  
  54  4:19  Marine, Bunker  
  54  4:20  Marine  
  56  4:25  Marine  
  56  4:26  Supply Depot  
  56  4:28  SCV  
  56  4:30  Missile Turret  
  58  4:31  Marine  
  58  4:33  SCV  
  58  4:37  Marine, Terran Infantry Weapons Level 1  
  54  4:49  Bunker  
  54  4:50  SCV, Marauder  
  55  4:55  Marine  
  55  4:56  Marine  
  55  4:57  SCV  
  55  5:04  SCV  
  55  5:06  Factory  
  55  5:07  Concussive Shells  
  54  5:08  Marauder  
  54  5:11  Marauder  
  58  5:18  SCV  
  58  5:20  Marine  
  58  5:21  Marine  
  61  5:22  SCV  
  61  5:26  Refinery, Supply Depot  
  62  5:32  Marine  
  62  5:33  Marauder  
  62  5:34  SCV  
  58  5:43  Marine  
  57  5:51  Marine, Marauder  
  57  5:54  Marauder  
  57  5:55  SCV  
  62  5:57  Factory Reactor, Starport  
  62  6:01  Marine, SCV  
  64  6:07  SCV  
  64  6:09  Marine  
  66  6:12  Marauder  
  66  6:13  SCV  
  69  6:23  Command Center  
  69  6:24  SCV  
  70  6:28  Marine x2, Marauder  
  74  6:32  Supply Depot  
  74  6:34  Refinery  
  74  6:35  Supply Depot  
  74  6:36  SCV  
  75  6:40  Factory Reactor  
  75  6:41  Medivac  
  75  6:46  Marauder  
  77  6:47  Terran Infantry Armor Level 1, Medivac  
  77  6:50  SCV  
  77  6:58  SCV  
  77  6:59  Marine, Marauder  
  75  7:03  SCV  
  75  7:06  Marine  
  77  7:11  Medivac  
  77  7:14  SCV  
  80  7:17  Medivac  
  80  7:19  Supply Depot  
  80  7:21  Marauder  
  80  7:22  Widow Mine x2  
  86  7:26  Barracks x2  
  86  7:29  Marauder  
  88  7:30  Marine  
  89  7:37  Orbital Command  
  89  7:38  Marine  
  89  7:43  Widow Mine x2  
  94  7:47  Marauder  
  94  7:50  Marine  
  97  7:53  SCV  
  97  7:55  SCV  
  97  7:57  Orbital Command, Missile Turret  
  99  7:59  Marine  
  99  8:00  Marauder  
  102  8:05  Viking  
  104  8:15  SCV  
  104  8:19  Marauder  
  107  8:20  Barracks Reactor, Barracks Tech Lab  
  107  8:21  Marauder  
  107  8:25  SCV x2  
  111  8:28  SCV  
  111  8:32  Supply Depot  
  111  8:33  Supply Depot  
  112  8:35  Widow Mine x2  
  115  8:48  Marine x2, Marauder  
  108  8:53  Viking, Marauder  
  108  8:54  Marauder  
  113  8:56  Viking  
  113  9:01  Marine x2  
  117  9:03  Widow Mine x2  
  117  9:05  Marine  
  117  9:06  SCV  
  123  9:14  Marine, Marauder  
  123  9:15  Marauder  
  123  9:17  Orbital Command  
  128  9:22  Marine, Marauder  
  128  9:23  Viking  
  122  9:26  Viking  
  124  9:32  Marine x2  
  124  9:35  Marauder  
  121  9:39  SCV x2  
  119  9:47  Marine, Marauder  
  119  9:57  SCV  
  119  10:01  Marine, Marauder  
  119  10:03  Medivac x2  
  119  10:04  Widow Mine x2  
  119  10:06  SCV  
  126  10:07  Marine  
  126  10:08  Marine x3, Marauder  
  126  10:10  SCV  
  133  10:17  Supply Depot  
  133  10:18  Marine  
  133  10:21  Ghost Academy  
  112  10:28  SCV  
Show
View Real Time Build Order
Export as new Build Order

TriGGeR Protoss - Winner!

Build Orders: 1 Gate Expand, Blink Stalkers 

Get SALT Encoding   

  12  0:00  Probe  
  13  0:12  Probe  
  14  0:16  Pylon  
  14  0:24  Probe (Chrono Boost)  
  16  0:36  Gateway, Probe (Chrono Boost)  
  16  0:41  Probe (Chrono Boost)  
  17  0:45  Assimilator  
  17  0:51  Probe  
  18  1:03  Probe  
  19  1:15  Probe  
  20  1:20  Nexus  
  20  1:27  Probe  
  21  1:34  Cybernetics Core  
  21  1:41  Assimilator  
  21  1:42  Probe  
  22  1:48  Pylon  
  22  1:54  Probe  
  23  2:06  Probe (Chrono Boost)  
  24  2:08  Stalker (Chrono Boost)  
  24  2:12  Warp Gate  
  27  2:16  Probe (Chrono Boost)  
  27  2:20  Twilight Council  
  27  2:21  Probe (Chrono Boost)  
  28  2:32  Probe (Chrono Boost)  
  30  2:38  Stalker  
  30  2:39  Probe (Chrono Boost)  
  30  2:41  Probe (Chrono Boost)  
  33  2:46  Probe (Chrono Boost)  
  33  2:48  Gateway  
  33  2:50  Probe  
  35  2:59  Probe  
  35  3:04  Robotics Facility  
  36  3:07  Probe  
  36  3:10  Blink (Chrono Boost)  
  36  3:11  Gateway  
  37  3:18  Probe  
  38  3:20  Probe  
  39  3:30  Probe  
  39  3:32  Gateway, Probe  
  41  3:40  Pylon  
  41  3:42  Assimilator  
  41  3:43  Probe  
  41  3:45  Probe  
  43  3:51  Warp Prism (Chrono Boost)  
  43  3:55  Probe  
  46  4:01  Pylon  
  46  4:02  Stalker x2  
  48  4:07  Stalker  
  52  4:12  Probe x2  
  54  4:19  Pylon  
  54  4:23  Observer (Chrono Boost)  
  55  4:24  Pylon  
  55  4:30  Stalker x2  
  55  4:31  Stalker  
  61  4:36  Assimilator  
  59  4:46  Stalker  
  59  4:55  Stalker x3  
  65  5:05  Probe x2  
  67  5:18  Pylon  
  67  5:19  Stalker  
  67  5:20  Stalker x3  
  74  5:22  Probe  
  73  5:34  Probe  
  64  5:37  Probe  
  64  5:41  Robotics Bay  
  64  5:42  Forge  
  65  5:46  Probe  
  65  5:47  Observer (Chrono Boost)  
  65  5:50  Probe  
  65  5:51  Nexus  
  66  5:58  Probe  
  67  6:05  Pylon, Observer (Chrono Boost)  
  67  6:06  Probe  
  67  6:07  Shield Battery  
  69  6:13  Probe  
  69  6:14  Stalker x2  
  69  6:15  Stalker x2  
  69  6:18  Probe  
  77  6:21  Observer  
  77  6:25  Colossus (Chrono Boost)  
  77  6:26  Probe  
  77  6:31  Probe  
  85  6:33  Extended Thermal Lance  
  85  6:40  Probe  
  85  6:43  Probe  
  87  6:52  Probe  
  82  7:03  Colossus (Chrono Boost)  
  82  7:06  Zealot x4  
  82  7:07  Protoss Ground Weapons Level 1  
  94  7:09  Probe x2  
  94  7:12  Charge (Chrono Boost), Probe  
  97  7:18  Gateway  
  97  7:19  Gateway  
  97  7:20  Gateway  
  97  7:26  Sentry  
  97  7:29  Sentry  
  101  7:31  Zealot x2  
  105  7:37  Pylon  
  105  7:38  Warp Prism (Chrono Boost)  
  107  7:50  Gateway  
  107  7:51  Pylon  
  107  7:56  Zealot x4  
  115  8:01  Pylon  
  115  8:10  Pylon  
  115  8:14  Stalker x3  
  121  8:20  Zealot x4  
  129  8:30  Templar Archives  
  129  8:32  Gateway  
  129  8:36  Probe  
  129  8:37  Probe x2  
  129  8:39  Assimilator  
  129  8:40  Assimilator  
  130  8:42  Zealot x6  
  134  8:48  Zealot  
  132  8:57  Gateway  
  132  8:59  Gateway  
  132  9:02  Stalker x2, Zealot  
  136  9:07  Pylon  
  138  9:18  High Templar  
  131  9:39  High Templar x5  
  131  9:40  Zealot  
  131  9:45  Archon x2  
  143  9:47  Zealot x2  
  123  10:01  Nexus  
  123  10:02  Archon  
  123  10:03  Zealot  
  123  10:04  Zealot  
  123  10:05  Zealot x2  
  131  10:14  Pylon, Stalker x7  
  141  10:31  Zealot x4  
  123  10:43  Pylon, Robotics Facility  

Tags
 
Add a new tag
Caveats
  • Supply blocks, unpowered buildings, or Contaminate may cause inaccurate times.
  • Supply counts are checked every 10 seconds.